Map: Submarine LE

Players

Stats - Winner!

  • Race: Protoss Protoss
  • Spawn Location: 5:00

Reynor

  • Race: Zerg Zerg
  • Spawn Location: 11:00

Event: IEM Katowice 2021

VOD

Have the link to the VOD?

Description

Time

  • Played on: Feb. 26, 2021, 8:22 a.m.
  • Length: 8:37

All games in this series

Show
View Real Time Build Order
Export as new Build Order

Stats Protoss - Winner!

Build Orders: 1 Gate Expand, Mass Adepts 

Get SALT Encoding   

  12  0:00  Probe  
  13  0:13  Pylon  
  13  0:17  Probe (Chrono Boost)  
  14  0:26  Probe (Chrono Boost)  
  15  0:32  Probe  
  16  0:39  Gateway  
  16  0:44  Probe  
  16  0:48  Assimilator  
  17  0:56  Probe  
  18  1:08  Probe  
  19  1:20  Probe  
  20  1:26  Nexus  
  20  1:33  Cybernetics Core  
  20  1:36  Probe  
  21  1:44  Assimilator  
  21  1:48  Probe  
  21  1:52  Pylon  
  22  2:01  Probe  
  23  2:07  Adept (Chrono Boost)  
  23  2:12  Warp Gate  
  23  2:13  Probe (Chrono Boost)  
  26  2:25  Probe (Chrono Boost)  
  27  2:30  Stalker, Probe (Chrono Boost)  
  27  2:34  Twilight Council  
  30  2:38  Probe (Chrono Boost)  
  32  2:45  Probe (Chrono Boost)  
  32  2:47  Probe (Chrono Boost)  
  33  2:52  Probe (Chrono Boost)  
  33  2:54  Probe  
  33  2:55  Robotics Facility  
  35  3:03  Probe  
  36  3:08  Probe  
  36  3:09  Gateway  
  36  3:10  Resonating Glaives (Chrono Boost)  
  37  3:15  Probe  
  37  3:18  Adept  
  40  3:31  Gateway  
  40  3:32  Gateway  
  40  3:37  Pylon  
  40  3:38  Probe x2  
  40  3:40  Warp Prism (Chrono Boost)  
  44  3:50  Probe x2  
  46  3:57  Pylon  
  46  4:03  Adept x2  
  46  4:08  Probe x2  
  48  4:10  Assimilator  
  48  4:14  Observer  
  49  4:20  Pylon  
  49  4:24  Probe x2  
  49  4:27  Adept x4  
  59  4:38  Assimilator  
  59  4:49  Adept x4  
  65  5:05  Pylon x2  
  65  5:06  Immortal (Chrono Boost)  
  69  5:27  Probe x2  
  71  5:30  Gateway  
  71  5:31  Gateway  
  71  5:33  Gateway  
  71  5:35  Gateway  
  71  5:37  Immortal (Chrono Boost)  
  71  5:42  Pylon  
  75  5:44  Pylon, Sentry x4  
  83  6:05  Nexus  
  83  6:10  Adept x2, Sentry x2  
  91  6:15  Pylon  
  91  6:30  Pylon  
  91  6:32  Pylon  
  91  6:34  Adept  
  91  6:35  Adept x5  
  91  6:39  Adept  
  105  6:41  Adept  
  105  7:01  Adept  
  105  7:02  Adept x4  
  105  7:03  Adept  
  113  7:16  Adept x2  
  114  7:23  Adept x2  
  114  7:27  Adept x2  
  114  7:32  Pylon, Adept x2  
  114  7:35  Pylon  
  114  7:36  Pylon  
  116  7:38  Pylon  
  112  7:47  Adept x3  
  100  7:58  Adept x4  
  100  7:59  Adept  
  76  8:20  Adept x6  
  76  8:24  Adept  
Show
View Real Time Build Order
Export as new Build Order

Reynor Zerg 

Build Orders: Hatch First 

Get SALT Encoding   

  12  0:00  Drone  
  13  0:12  Overlord  
  13  0:17  Drone  
  14  0:31  Drone x2  
  16  0:41  Drone  
  17  0:51  Hatchery  
  17  0:55  Drone  
  17  0:58  Drone  
  18  1:09  Extractor  
  17  1:14  Spawning Pool  
  17  1:18  Drone  
  17  1:22  Drone  
  18  1:29  Drone  
  19  1:39  Drone  
  20  1:49  Overlord  
  20  2:01  Queen  
  22  2:04  Zergling x2  
  22  2:05  Drone, Queen  
  26  2:11  Zergling x2  
  26  2:14  Drone  
  28  2:20  Metabolic Boost  
  28  2:22  Drone  
  29  2:25  Drone  
  30  2:38  Hatchery  
  30  2:42  Drone  
  30  2:44  Drone  
  30  2:50  Overlord  
  31  2:55  Queen  
  33  2:59  Drone x2  
  33  3:04  Zergling x2  
  36  3:09  Drone x2  
  38  3:14  Overlord  
  38  3:15  Drone x2  
  38  3:18  Drone  
  41  3:20  Drone  
  42  3:29  Zergling x2  
  42  3:31  Queen  
  42  3:32  Zergling x2  
  46  3:39  Overlord  
  46  3:41  Drone  
  46  3:42  Drone  
  46  3:46  Drone  
  46  3:47  Drone  
  50  3:49  Roach Warren  
  50  3:54  Overlord  
  49  4:00  Zergling x4  
  49  4:01  Zergling x2  
  50  4:04  Queen  
  50  4:06  Drone x2  
  50  4:08  Overlord  
  53  4:12  Drone  
  53  4:14  Queen  
  56  4:20  Spore Crawler  
  56  4:23  Zergling x6  
  56  4:24  Zergling x2  
  59  4:26  Zergling x2  
  60  4:33  Roach x4  
  60  4:36  Roach  
  71  4:39  Roach  
  71  4:43  Roach x2  
  77  4:47  Overlord  
  75  4:53  Roach x3  
  77  5:00  Overlord, Drone  
  77  5:01  Drone x3  
  77  5:03  Drone  
  82  5:08  Drone x2  
  82  5:13  Overlord  
  84  5:14  Spore Crawler x2  
  84  5:15  Drone x2  
  84  5:18  Spore Crawler  
  82  5:21  Overlord  
  82  5:23  Drone  
  82  5:28  Extractor  
  82  5:29  Drone x4  
  82  5:30  Extractor  
  82  5:35  Lair  
  85  5:36  Zergling x2, Roach  
  85  5:42  Roach  
  90  5:43  Overlord  
  90  5:44  Drone x2  
  92  5:51  Overlord  
  92  5:53  Roach  
  92  5:56  Zergling x12  
  100  5:59  Overlord  
  99  6:07  Roach x3  
  99  6:10  Zergling x6  
  99  6:11  Zergling x2  
  109  6:15  Drone x2  
  109  6:16  Overlord  
  109  6:17  Evolution Chamber  
  109  6:19  Drone x2  
  109  6:24  Drone x2  
  113  6:29  Overlord  
  113  6:30  Drone x2  
  115  6:33  Overseer  
  115  6:35  Drone x3  
  115  6:39  Extractor  
  117  6:41  Extractor, Ravager  
  117  6:42  Ravager x2  
  117  6:44  Zergling x4, Roach  
  123  6:48  Spine Crawler  
  123  6:49  Spine Crawler  
  123  6:53  Ravager  
  123  6:54  Roach, Overlord  
  119  6:55  Zergling x4  
  119  6:58  Zergling x8, Roach  
  119  7:00  Zergling x4  
  131  7:04  Overlord  
  131  7:06  Ravager  
  132  7:09  Zergling x6  
  132  7:13  Zergling x4, Roach  
  134  7:19  Roach x2  
  134  7:21  Queen  
  127  7:25  Roach  
  127  7:29  Roach x2, Queen x2  
  125  7:38  Zergling x4, Roach x2  
  125  7:39  Zergling x2  
  125  7:42  Zergling x8, Roach  
  125  7:43  Ravager  
  133  7:47  Zergling x4, Roach  
  129  7:54  Roach  
  129  7:57  Zergling x4  
  101  8:04  Roach  
  54  8:20  Zergling x6  
  59  8:33  Extractor  

Tags
 
Add a new tag
Caveats
  • Supply blocks, unpowered buildings, or Contaminate may cause inaccurate times.
  • Supply counts are checked every 10 seconds.